 Dungeon Crawl Stone Soup version 0.30-a0-140-gd1020e658a (webtiles) character file.

Game seed: 10862475041157918308

77 themarg the Insei (level 4, -4/34 HPs)
             Began as a Gnoll Transmuter on Sept 25, 2022.
             Killed by divine providence
             ... invoked by an orc priest
              (16 damage)
             ... on level 3 of the Dungeon.
             The game lasted 00:04:56 (2875 turns).

themarg the Insei (Gnoll Transmuter)                Turns: 2875, Time: 00:04:57

Health: -4/34      AC:  2    Str:  9    XL:     4   Next: 33%
Magic:  11/11      EV: 13    Int: 15    God:
Gold:   177        SH:  0    Dex: 12    Spells: 7/13 levels left

rFire   . . .      SeeInvis .    m - +0 dagger
rCold   . . .      Faith    .    (no shield)
rNeg    . . .      Spirit   .    a - +0 robe
rPois   .          Reflect  .    (helmet currently unavailable)
rElec   .          Harm     .    (no cloak)
rCorr   .          Rampage  .    (no gloves)
Will    .....                    (boots currently unavailable)
Stlth   ++........               (no amulet)
HPRegen 0.11/turn                (no ring)
MPRegen 0.12/turn                (no ring)

@: appendages (expiring)
A: horns 2, talons 2, fangs 1, strong nose, distributed training
a: End Transformation


You were on level 3 of the Dungeon.
You had temporarily grown beastly horns and talons.
You visited 1 branch of the dungeon, and saw 3 of its levels.

You collected 177 gold pieces.

Inventory:

Hand Weapons
 m - a +0 dagger (weapon)
 t - a +1 dagger of protection
Missiles
 s - 6 datura-tipped darts
Armour
 a - a +0 robe (worn)
 l - a +0 helmet (melded)
Jewellery
 p - a +6 ring of intelligence
Wands
 o - a wand of charming (5)
Scrolls
 c - 5 scrolls of identify {unknown}
 g - a scroll of immolation {unknown}
 h - 3 scrolls of teleportation {unknown}
 i - a scroll of fear {unknown}
 j - a scroll of acquirement {unknown}
 n - 2 scrolls of poison {unknown}
 q - a scroll of blinking {unknown}
 u - a scroll of amnesia {unknown}
Potions
 b - 2 potions of lignification
 d - 2 potions of heal wounds {unknown}
 e - a potion of flight {unknown}
 f - a potion of resistance {unknown}
 k - a potion of ambrosia {unknown}
 r - a potion of might {unknown}


   Skills:
 + Level 2.7 Fighting
 + Level 1.1 Short Blades
 + Level 1.1 Long Blades
 + Level 1.1 Axes
 + Level 1.1 Maces & Flails
 + Level 1.1 Polearms
 + Level 1.1 Staves
 + Level 1.1 Ranged Weapons
 + Level 1.1 Throwing
 + Level 1.1 Armour
 + Level 4.6 Dodging
 + Level 1.1 Stealth
 + Level 1.1 Shields
 + Level 6.6 Unarmed Combat
 + Level 5.1 Spellcasting
 + Level 0.9 Conjurations
 + Level 0.9 Hexes
 + Level 0.9 Summonings
 + Level 0.9 Necromancy
 + Level 0.9 Translocations
 + Level 3.8 Transmutations
 + Level 0.9 Fire Magic
 + Level 0.9 Ice Magic
 + Level 0.9 Air Magic
 + Level 0.9 Earth Magic
 + Level 0.9 Poison Magic
 + Level 1.2 Invocations
 + Level 1.1 Evocations


You had 7 spell levels left.
You knew the following spells:

 Your Spells              Type           Power      Damage    Failure   Level
a - Beastly Appendage     Tmut           30%        N/A       3%          1
b - Wereblood             Tmut           15%        N/A       4%          2
c - Spider Form           Tmut/Pois      11%        N/A       19%         3

Your spell library contained the following spells:

 Spells                   Type           Power      Damage    Failure   Level
 Shock                    Conj/Air       24%        1d4       11%         1
 Ignite Poison            Fire/Tmut/Pois 9%         N/A       22%         3
 Swiftness                Air            6%         N/A       32%         3
 Ice Form                 Ice/Tmut       11%        N/A       52%         4
 Airstrike                Air            3%         2d(1-17)  73%         4
 Animate Dead             Necr           6%         N/A       73%         4
 Sticky Flame             Conj/Fire      6%         2d3       73%         4
 Haunt                    Necr/Summ      3%         N/A       100%        7
 Infestation              Necr           3%         N/A       100%        8


Dungeon Overview and Level Annotations

Branches:
Dungeon (3/15)

Altars:
Kikubaaqudgha
Makhleb
Uskayaw
Vehumet


Innate Abilities, Weirdness & Mutations

You have temporarily grown beastly horns and talons.
You have very sharp teeth.
Your uncanny sense of smell can sniff out nearby items.
Your experience applies equally to all skills.


Message History

The orc barely misses you.
You hit the orc. Your kick misses the orc.
The orc is heavily wounded.
The orc misses you.
You hit the orc. You headbutt the orc.
You kill the orc!
The orc priest invokes the aid of Beogh against you.
Beogh smites you! The orc priest barely misses you.
You see here a +0 short sword.
You barely miss the orc priest.
You headbutt the orc priest, but do no damage.
Your bite misses the orc priest. The orc priest barely misses you.
You closely miss the orc priest.
You claw the orc priest, but do no damage.
The orc priest misses you.
You closely miss the orc priest. You claw the orc priest.
Your bite misses the orc priest.
The orc priest is lightly wounded.
You barely miss the orc priest. Your headbutt misses the orc priest.
The orc priest is lightly wounded.
Your transformation is almost over.
The orc priest misses you.
You closely miss the orc priest. You claw the orc priest.
Your headbutt misses the orc priest.
You bite the orc priest, but do no damage.
The orc priest is moderately wounded.
The orc priest misses you.
You hit the orc priest. You claw the orc priest.
The orc priest is severely wounded.
The orc priest closely misses you.
You barely miss the orc priest. Your kick misses the orc priest.
The orc priest is severely wounded.
The orc priest invokes the aid of Beogh against you.
Beogh smites you!
You barely miss the orc priest. You claw the orc priest.
The orc priest is almost dead.
The orc priest calls down the wrath of Beogh upon you.
Beogh smites you!
You die...

#.....# #.#
#######.### #.#
#.........# #.# #
#.####....#####.. ..
#.#
#..........######.##
#.#
##....####.#........
#)#
##.#.............##
#.#
########..o.......
#.# #@# #.## #)#
#..### #.### #....#
#.#.. ...#.# #.#.#
.....# #.#.# ..._.##
#.#)# ......# #.#.#
.8....# #.#.#######


You could see an orc priest.

Vanquished Creatures
  An adder (D:2)
  2 dart slugs
  9 orcs
  2 ball pythons
  4 endoplasms
  3 giant cockroaches
  5 goblins
  5 hobgoblins
  2 kobolds
  3 quokkas
  5 bats (D:1)
  3 frilled lizards
  6 rats
50 creatures vanquished.

Notes
Turn   | Place    | Note
-------+----------+-------------------------------------------
     0 | D:1      | themarg the Gnoll Transmuter began the quest for the Orb.
     0 | D:1      | Reached XP level 1. HP: 17/17 MP: 6/6
    83 | D:1      | Reached XP level 2. HP: 23/23 MP: 5/7
    86 | D:1      | Learned a level 2 spell: Wereblood
   259 | D:1      | Found a faded altar of an unknown god.
  1130 | D:1      | Reached skill level 5 in Spellcasting
  1130 | D:1      | Reached XP level 3. HP: 28/28 MP: 6/9
  1152 | D:1      | Learned a level 3 spell: Spider Form
  1434 | D:2      | Reached skill level 1 in Invocations
  1805 | D:2      | Reached skill level 1 in Short Blades
  1805 | D:2      | Reached skill level 1 in Long Blades
  1805 | D:2      | Reached skill level 1 in Axes
  1805 | D:2      | Reached skill level 1 in Maces & Flails
  1805 | D:2      | Reached skill level 1 in Polearms
  1805 | D:2      | Reached skill level 1 in Staves
  1805 | D:2      | Reached skill level 1 in Ranged Weapons
  1805 | D:2      | Reached skill level 1 in Throwing
  1805 | D:2      | Reached skill level 1 in Armour
  1805 | D:2      | Reached skill level 1 in Stealth
  1805 | D:2      | Reached skill level 1 in Shields
  1805 | D:2      | Reached skill level 1 in Evocations
  2359 | D:3      | Reached XP level 4. HP: 33/34 MP: 7/11
  2417 | D:3      | Found a hide-covered altar of Uskayaw.
  2419 | D:3      | Found an ancient bone altar of Kikubaaqudgha.
  2421 | D:3      | Found a radiant altar of Vehumet.
  2421 | D:3      | Found a burning altar of Makhleb.
  2875 | D:3      | Killed from afar by an orc priest

Illustrated notes

Levels and vault maps discovered:
D:1:      minmay_arrival_three_doors, layout_basic,
          hellmonk_ecumenical_altar_pennies_from_heaven
D:2:      layout_loops_cross
D:3:      layout_loops_ring, lemuel_round_altar, grunt_temple_overflow_open

Skill      XL: |  1  2  3 |
---------------+----------+-----
Spellcasting   | 5 |  5.1
Invocations    | 1 |  1.2
Short Blades   | 1 |  1.1
Long Blades    | 1 |  1.1
Axes           | 1 |  1.1
Maces & Flails | 1 |  1.1
Polearms       | 1 |  1.1
Staves         | 1 |  1.1
Ranged Weapons | 1 |  1.1
Throwing       | 1 |  1.1
Armour         | 1 |  1.1
Stealth        | 1 |  1.1
Shields        | 1 |  1.1
Evocations     | 1 |  1.1
Fighting       | |  2.7
Dodging        | |  4.6
Unarmed Combat | |  6.6
Conjurations   | |  0.9
Hexes          | |  0.9
Summonings     | |  0.9
Necromancy     | |  0.9
Translocations | |  0.9
Transmutations | |  3.8
Fire Magic     | |  0.9
Ice Magic      | |  0.9
Air Magic      | |  0.9
Earth Magic    | |  0.9
Poison Magic   | |  0.9

Action                   |  1- 3 |  4- 6 || total
-------------------------+-------+-------++-------
Melee: Unarmed           |    45 |     2 ||    47
       Kick              |    16 |     6 ||    22
       Headbutt          |    15 |     4 ||    19
       Bite              |     6 |     1 ||     7
       Dagger            |    47 |    35 ||    82
       Punch             |     2 |       ||     2
 Cast: Beastly Appendage |    23 |     5 ||    28
       Spider Form       |     1 |     1 ||     2
       Wereblood         |     1 |       ||     1
 Stab: Sleeping          |     1 |     1 ||     2
Armor: Robe              |    16 |     4 ||    20
       Skin              |     1 |       ||     1
Dodge: Dodged            |    69 |    15 ||    84

Table legend: (Time is in decaauts)
 A = Elapsed time spent in this place.
 B = Non-inter-level travel time spent in this place.
 C = Inter-level travel time spent in this place.
 D = Time resting spent in this place.
 E = Time spent auto-exploring this place.
 F = Levels seen in this place.
 G = Mean time per level.
                   A        B        C        D        E       F      G
               +--------+--------+--------+--------+--------+-----+--------+
         Total |   2867 |   2842 |     25 |    779 |   1665 |   3 |  955.7 |
       Dungeon |   2867 |   2842 |     25 |    779 |   1665 |   3 |  955.7 |
               +--------+--------+--------+--------+--------+-----+--------+

Top non-repeatable levels by time:
     D:1: 1166 daAuts
     D:2: 1163 daAuts
     D:3: 537 daAuts
